 Dungeon Crawl Stone Soup version 0.18-a0-1507-g69458e0 (webtiles) character file.

465524 Goblin1989 the Severer (level 23, -23/184 HPs)
             Began as a Demonspawn Gladiator on Mar 5, 2016.
             Was a High Priest of Okawaru.
             Killed from afar by an iron giant (53 damage)
             ... with an iron shot
             ... on level 2 of the Depths.
             The game lasted 05:19:31 (61137 turns).

Goblin1989 the Severer (Demonspawn Gladiator)      Turns: 61137, Time: 05:19:31

Health: -23/184    AC: 41    Str: 23    XL:     23   Next: 44%
Magic:  28/28      EV: 21    Int: 17    God:    Okawaru [*****.]
Gold:   1079       SH:  7    Dex: 18    Spells: 0 memorised, 22 levels left

rFire  + + +     SeeInvis .     b - +8 war axe of Tos Paz {chop, rElec Int+4 Stlth+}
rCold  . . .     Gourm    .     n - +8 pearl dragon armour
rNeg   + + .     Faith    .     E - +1 buckler {rF+}
rPois  +         Spirit   .     (helmet unavailable)
rElec  +         Dismiss  .     p - +2 cloak
rCorr  .         Reflect  .     X - +1 pair of gloves {Dex+3}
SustAt .         Harm     .     P - +0 pair of boots {run}
MR     ++...                    N - amulet of magic regeneration
Stlth  +++++++++.               d - ring of Propriety {rPois rF+ rN+}
                                Y - ring of protection from magic

@: quick, very resistant to hostile enchantments, incredibly stealthy
A: hooves 1, horns 3, iridescent scales 3, clever 1, fire resistance 1,
nightstalker 3, regeneration 1, spiny 3, flame cloud immunity
a: Heroism, Finesse, Renounce Religion
}: 2/15 runes: barnacled, gossamer


You were on level 2 of the Depths.
You worshipped Okawaru.
Okawaru was extremely pleased with you.
You were hungry.

You visited 8 branches of the dungeon, and saw 41 of its levels.
You also visited: Labyrinth.

You collected 3619 gold pieces.
You spent 2540 gold pieces at shops.

Inventory:

Hand Weapons
 a - the +12 rapier "Killer Bee's Foe" {pierce, Str+2 SInv}
   (You found it on level 1 of the Spider Nest)

   It inflicts extra damage upon your enemies.
   It affects your strength (+2).
   It lets you see invisible.
 b - the +8 war axe of Tos Paz (weapon) {chop, rElec Int+4 Stlth+}
   (You found it on level 9 of the Dungeon)

   It inflicts extra damage upon your enemies.
   It affects your intelligence (+4).
   It insulates you from electricity.
   It makes you more stealthy.
 S - a +7 broad axe of flaming
Missiles
 M - 50 steel javelins (quivered)
 R - 32 poisoned javelins
 V - 5 throwing nets
Armour
 n - a +8 pearl dragon armour (worn)
 p - a +2 cloak (worn)
 E - a +1 buckler of fire resistance (worn)
 P - a +0 pair of boots of running (worn)
 X - a +1 pair of gloves of dexterity (worn)
Jewellery
 d - the ring of Propriety (right hand) {rPois rF+ rN+}
   (You took it off a minotaur in a labyrinth)

   [ring of positive energy]

   It protects you from fire.
   It protects you from poison.
   It protects you from negative energy.
 l - a cursed ring of ice
 B - an uncursed ring of protection from magic
 F - an uncursed ring of see invisible
 N - an amulet of magic regeneration (around neck)
 Y - a ring of protection from magic (left hand)
Wands
 A - a wand of disintegration (14/24)
 O - a wand of hasting (2/9)
 W - a wand of digging (14/24)
Scrolls
 e - 6 scrolls of fog
 h - 15 scrolls of remove curse
 m - 9 scrolls of magic mapping
 q - 6 scrolls of fear
 v - 18 scrolls of teleportation
 C - 6 scrolls of recharging
 I - 5 scrolls of identify
 J - a scroll of summoning
 Q - 2 scrolls of blinking
 T - 7 scrolls of immolation
Potions
 g - 14 potions of curing
 i - 4 potions of berserk rage
 r - 3 potions of resistance
 s - a potion of cure mutation
 t - 4 potions of agility
 w - 4 potions of might
 x - 7 potions of heal wounds
 G - a potion of cancellation
 K - 8 potions of flight
 L - 6 potions of haste
Miscellaneous
 o - a box of beasts {used: 2}
 u - a lantern of shadows
 y - a phantom mirror
Comestibles
 c - a beef jerky
 f - 26 bread rations
 k - 17 meat rations


   Skills:
 - Level 16.0 Fighting
 + Level 9.0 Short Blades
 - Level 18.0 Axes
 - Level 8.2 Throwing
 * Level 16.9 Armour
 - Level 15.4 Dodging
 + Level 16.1 Stealth
 - Level 4.5 Shields
 - Level 6.3 Invocations
 - Level 7.2 Evocations


You had 22 spell levels left.
You didn't know any spells.

Dungeon Overview and Level Annotations

Branches:
Dungeon (15/15)            Temple (1/1) D:6            Lair (8/8) D:10
 Shoals (4/4) Lair:6       Spider (4/4) Lair:3        Slime (0/6) Lair:7
    Orc (2/2) D:9             Elf (0/3) Orc:2        Vaults (4/5) D:14
  Crypt (0/3) Vaults:2     Depths (3/5) D:15

Altars:
Ashenzari
Dithmenos
Nemelex Xobeh
Okawaru
Pakellas
Ru
Yredelemnul
The Shining One

Shops:
D:8 }   D:9 }   D:12 ?[%}%   D:14 !   Orc:2 [(*:   Vaults:2 [

Portals:
Hell: Depths:1 Depths:2
Ziggurat: Depths:2

Annotations:
Lair:3 1 exclusion
Lair:7 exclusion: 5 oklob plants


Innate Abilities, Weirdness & Mutations

You have a pair of large horns on your head.
You are completely covered in iridescent scales (AC +8).
Your flesh is heat resistant.
You are completely attuned to the shadows.
You are completely covered in sharp spines.
You are immune to clouds of flame.
You have large cloven feet.
Your mind is acute. (Int +2)
Your natural rate of healing is unusually fast.


Message History

Aim: an iron giant, wielding a giant club (almost dead)
You throw a javelin.
The javelin hits the iron giant but does no damage.
The iron giant is almost dead.
Throwing (i - inventory. (,) - cycle):
M - 52 steel javelins (quivered)
Press: ? - help, Shift-Dir - straight line, f/p - iron giant
Aim: an iron giant, wielding a giant club (almost dead)
You throw a steel javelin. The steel javelin hits the iron giant.
The iron giant is almost dead.
You feel like a meek peon again. The iron giant casts a spell at you.
You block the iron shot.
Throwing (i - inventory. (,) - cycle):
M - 51 steel javelins (quivered)
Press: ? - help, Shift-Dir - straight line, f/p - iron giant
Aim: an iron giant, wielding a giant club (almost dead)
You throw a steel javelin. The steel javelin hits the iron giant!
The iron giant is almost dead.
The iron giant points at you and mumbles some strange words.
The iron shot hits you!
You die...

###'.##....##.#⌠..###...##..
#[...#.....##.##...#######'
#....##....###.....#.......
##....##..''###...##..#⌠⌠#.
#....C###''..###.#....##..
##.....###.....###........
##.....##..[....#########
##.....##..†........##./
##<...@##....⌠.....''..
##.....###...^.)..†().
##......####.....##..
##......#.#''#######
##....##...........
###..#..........8.
####............
###.......∩.. ###########


You could see an iron giant.

Vanquished Creatures
  4 caustic shrikes (Depths:2)
  2 golden dragons (Depths:2)
  Arachne (Spider:2)
  2 liches
  Asterion (Depths:2)
  3 tentacled monstrosities
  Rupert (Lair:6)
  A titan (Depths:2)
  Kirke (Lair:5)
  3 sphinxes
  Roxanne (Shoals:1)
  Agnes (Spider:4)
  Ilsuiw (Shoals:4)
  4 tengu reavers
  Wiglaf (Vaults:3)
  7 fire giants
  3 frost giants
  12 vault wardens
  An orc warlord (Orc:2)
  A ghost moth (Spider:4)
  10 emperor scorpions
  Aizul (Shoals:1)
  9 ironheart preservers
  A spriggan defender (Depths:2)
  9 stone giants
  A vampire knight (Vaults:2)
  10 very ugly things
  A deep elf demonologist (Depths:2)
  A deep elf annihilator (Depths:2)
  4 spark wasps
  4 merfolk javelineers (Shoals:4)
  8 merfolk impalers
  Erolcha (D:13)
  2 ettins
  5 vault guards
  A minotaur (Lab)
  5 fire dragons
  9 yaktaur captains
  The ghost of MordorOrchid the Spry, a journeyman SpVM of Gozag (D:12)
  3 great orbs of eyes
  6 entropy weavers
  3 spriggan air magi (Depths:2)
  The ghost of SlimeFever the Fighter, a journeyman DsAK of Lugonu (Lair:1)
  8 ice dragons
  A rakshasa (Depths:1)
  10 hydras
  2 alligator snapping turtles (Shoals:4)
  The ghost of aimeelou the Brilliant, a journeyman DsAr of Pakellas (Lair:2)
  2 merfolk aquamancers (Shoals:4)
  3 merfolk avatars
  4 death knights
  11 centaur warriors
  16 ogre magi
  6 satyrs
  A tengu warrior (D:13)
  A queen ant (D:11)
  2 deep troll shamans
  5 deep troll earth magi
  A shock serpent (shapeshifter) (Depths:2)
  A storm dragon zombie (D:15)
  A vampire mage (Depths:2)
  3 orc high priests (Orc:2)
  2 spriggan berserkers (Depths:2)
  A hell hog (shapeshifter) (Depths:2)
  Nergalle (Lair:2)
  2 shadow wraiths
  17 hell knights
  4 deep elf knights (Vaults:2)
  A fire crab (Vaults:1)
  2 iron trolls (Depths:1)
  5 giant orange brains
  10 skeletal warriors
  A flayed ghost (Vaults:3)
  2 unseen horrors
  8 death scarabs (Spider:4)
  24 deep trolls
  9 sea snakes
  The ghost of pedritolo the Grappler, a novice VSTm of Makhleb (D:8)
  7 deep elf archers
  A lindwurm (shapeshifter) (Vaults:4)
  10 orc knights
  4 necromancers
  4 spectral wolf spiders (Spider:4)
  A wolf spider zombie (Spider:4)
  10 ironbrand convokers
  3 phantasmal warriors
  17 harpies
  23 orb spiders
  9 hill giants
  5 wizards
  11 griffons
  2 orc sorcerers
  9 manticores
  8 deep elf magi
  7 hornets
  An oklob plant (Lair:4)
  48 ugly things
  24 fauns
  36 wolf spiders
  3 moths of wrath (Spider:4)
  10 cyclopes
  5 centaur zombies
  An octopode (shapeshifter) (Vaults:3)
  Joseph (Lair:1)
  A fire giant skeleton (D:15)
  A stone giant zombie (D:15)
  8 elephants
  9 sirens
  4 gargoyles
  15 vault sentinels
  8 water nymphs
  Maurice (D:13)
  A black mamba (Lair:6)
  3 torpor snails
  15 spiny frogs
  5 spectral redbacks (Spider:4)
  2 centaur skeletons (D:14)
  A spriggan zombie (D:15)
  19 demonic crawlers
  A redback zombie (Spider:4)
  7 freezing wraiths
  47 yaktaurs
  5 spectral swamp worms (Depths:1)
  A komodo dragon (Lair:7)
  A kobold demonologist (Vaults:3)
  A guardian mummy (D:15)
  33 merfolk
  5 trolls
  5 spectral tarantellas (Spider:4)
  2 spectral hornets (Spider:4)
  2 wind drakes (Shoals:4)
  41 jumping spiders
  4 tengu conjurers (Depths:2)
  29 two-headed ogres
  A blink frog (shapeshifter) (Vaults:3)
  2 jumping spider zombies (Spider:4)
  A slime creature (shapeshifter) (Depths:2)
  A sphinx simulacrum (Vaults:2)
  3 tarantella zombies (Spider:4)
  9 blink frogs
  A raiju (shapeshifter) (Depths:2)
  2 hornet zombies
  20 slime creatures
  10 snapping turtles
  88 redbacks
  33 tarantellas
  5 boulder beetles
  2 shadows (D:12)
  A yak (shapeshifter) (D:15)
  5 water elementals
  6 wraiths
  3 wyverns
  5 large abominations (Depths:1)
  3 vampires
  A spriggan (shapeshifter) (Depths:1)
  6 air elementals (Depths:2)
  A basilisk (D:15)
  5 spriggans
  5 hogs (Lair:5)
  62 yaks
  2 hungry ghosts
  A human (shapeshifter) (Vaults:1)
  15 vampire mosquitoes
  15 hippogriffs
  Menkaure (D:5)
  7 wolves
  5 mottled dragons
  7 small abominations (Depths:1)
  A naga (shapeshifter) (D:14)
  4 wargs
  8 water moccasins
  6 soldier ants
  10 porcupines
  3 black bears
  4 ice beasts
  6 wasps
  29 orc warriors
  4 sky beasts
  An eye of draining (shapeshifter) (Depths:2)
  An eye of draining (D:14)
  A phantom (D:12)
  3 necrophages
  67 ogres
  20 boggarts
  31 centaurs
  9 crocodiles
  11 big kobolds
  An elf simulacrum (Vaults:1)
  16 giant frogs
  4 gnoll sergeants
  A water moccasin zombie (D:10)
  A wyvern skeleton (D:14)
  9 killer bees
  9 scorpions
  A water moccasin skeleton (D:9)
  16 wights
  18 howler monkeys
  6 electric eels
  7 crimson imps
  4 jellies
  A quasit (D:8)
  7 orc priests
  A giant frog skeleton (D:9)
  2 giant frog zombies
  7 hounds
  8 orc wizards
  13 iguanas
  35 worker ants
  17 sheep
  A killer bee zombie (D:10)
  2 hound zombies
  Robin (D:3)
  2 worker ant zombies
  18 gnolls
  9 adders
  59 river rats
  6 shadow imps
  2 oozes (D:1)
  An adder zombie (D:5)
  3 worms
  4 dart slugs
  7 giant geckos
  52 orcs
  3 giant cockroaches
  24 goblins
  8 hobgoblins
  4 jackals
  2 quokkas
  2 ball pythons
  10 bats
  2 giant gecko skeletons
  A giant gecko zombie (D:5)
  13 giant newts
  36 kobolds
  A quokka skeleton (D:7)
  6 rats
  9 fungi
  7 plants
  A withered plant (D:15)
1886 creatures vanquished.

Vanquished Creatures (collateral kills)
  Maud (D:13)
  2 hydras
  A griffon (Lair:6)
  An orb spider (Spider:4)
  A centaur skeleton (D:11)
  A komodo dragon (Lair:7)
  A spectral jumping spider (Spider:4)
  A hippogriff (Lair:6)
  A jelly (D:11)
  An orc (D:11)
11 creatures vanquished.

Vanquished Creatures (others)
  Margery (Vaults:3)
  A fire giant (Depths:1)
  A deep elf knight (Vaults:2)
  A deep elf archer (Vaults:2)
  A redback (Spider:2)
  A human (Lair:5)
  A boggart (Depths:3)
  8 fungi
  21 plants
36 creatures vanquished.

Grand Total: 1933 creatures vanquished

Notes
Turn   | Place    | Note
--------------------------------------------------------------
     0 | D:1      | Goblin1989 the Demonspawn Gladiator began the quest for the Orb.
     0 | D:1      | Reached XP level 1. HP: 16/16 MP: 1/1
   103 | D:1      | Reached skill level 3 in Axes
   155 | D:1      | Gained mutation: You are slightly more attuned to the shadows. [demonic ancestry]
   155 | D:1      | Reached XP level 2. HP: 12/22 MP: 2/2
   732 | D:1      | Reached XP level 3. HP: 27/27 MP: 3/3
   968 | D:1      | Reached skill level 4 in Axes
  1140 | D:2      | Found a shadowy altar of Dithmenos.
  1162 | D:2      | Found a sparkling altar of Nemelex Xobeh.
  1465 | D:2      | Gained mutation: You are partially covered in sharp spines. [demonic ancestry]
  1465 | D:2      | Reached XP level 4. HP: 29/33 MP: 4/4
  1821 | D:3      | Noticed Robin
  1833 | D:3      | Killed Robin
  1833 | D:3      | Reached skill level 5 in Axes
  1950 | D:3      | Found a shadowy altar of Dithmenos.
  2257 | D:3      | Gained mutation: You have a pair of small horns on your head. [demonic ancestry]
  2257 | D:3      | Reached XP level 5. HP: 38/38 MP: 5/5
  2730 | D:4      | Found an iron altar of Okawaru.
  2742 | D:4      | Became a worshipper of Warmaster Okawaru
  2873 | D:4      | Reached skill level 6 in Axes
  3128 | D:4      | Gained mutation: You are partially covered in iridescent scales (AC +4). [demonic ancestry]
  3128 | D:4      | Reached XP level 6. HP: 26/44 MP: 6/6
  3514 | D:5      | Entered Level 5 of the Dungeon
  3622 | D:5      | Noticed a hippogriff
  3623 | D:5      | Noticed Menkaure
  3768 | D:6      | Reached skill level 7 in Axes
  3787 | D:6      | Reached * piety under Okawaru
  3787 | D:6      | Gained mutation: You are mostly covered in iridescent scales (AC +6). [demonic ancestry]
  3787 | D:6      | Reached XP level 7. HP: 50/50 MP: 7/7
  3834 | D:6      | Found a staircase to the Ecumenical Temple.
  3851 | D:6      | Reached skill level 8 in Axes
  3958 | D:6      | Reached ** piety under Okawaru
  3978 | Temple   | Entered the Ecumenical Temple
  4220 | D:6      | Reached skill level 9 in Axes
  4220 | D:6      | Gained mutation: You are significantly more attuned to the shadows. [demonic ancestry]
  4220 | D:6      | Reached XP level 8. HP: 56/56 MP: 8/8
  4574 | D:5      | Killed Menkaure
  4574 | D:5      | Reached *** piety under Okawaru
  4993 | D:5      | Reached skill level 10 in Axes
  5377 | D:7      | Reached XP level 9. HP: 40/66 MP: 9/9
  5617 | D:7      | Reached **** piety under Okawaru
  5889 | D:7      | Found a sacrificial altar of Ru.
  5946 | D:7      | Reached skill level 5 in Fighting
  6402 | D:8      | Reached skill level 11 in Axes
  6491 | D:8      | Found Usir's Gadget Emporium.
  7198 | D:8      | Noticed pedritolo's ghost (novice VSTm)
  7216 | D:8      | Killed pedritolo's ghost
  7216 | D:8      | Received a gift from Okawaru
  7632 | D:9      | Gained mutation: You have a pair of horns on your head. [demonic ancestry]
  7632 | D:9      | Reached XP level 10. HP: 75/77 MP: 10/10
  7665 | D:9      | Reached skill level 12 in Axes
  7681 | D:9      | Reached ***** piety under Okawaru
  8583 | D:9      | Found an oddly glowing altar of Pakellas.
  8583 | D:9      | Found Pakellas's Prime Provisions.
  9006 | D:9      | Reached skill level 1 in Invocations
  9058 | D:9      | Got a slimy war axe
  9059 | D:9      | Identified the +8 war axe of Tos Paz {chop, rElec Int+4 Stlth+} (You found it on level 9 of the Dungeon)
  9099 | D:9      | Found a staircase to the Orcish Mines.
  9363 | D:10     | Entered Level 10 of the Dungeon
  9416 | D:10     | Received a gift from Okawaru
  9443 | D:10     | Reached skill level 5 in Dodging
  9445 | D:10     | Found a staircase to the Lair.
  9445 | D:10     | Noticed an elephant
  9457 | D:10     | Killed an elephant
  9458 | D:10     | Received a gift from Okawaru
  9458 | D:10     | Reached skill level 5 in Invocations
  9671 | D:10     | Reached XP level 11. HP: 47/84 MP: 15/15
 10278 | D:10     | Noticed a hill giant
 10287 | D:10     | Killed a hill giant
 10546 | D:11     | Found a labyrinth entrance.
 10551 | Lab      | Entered a labyrinth
 10698 | Lab      | Noticed a minotaur
 10711 | Lab      | Killed a minotaur
 10711 | Lab      | Reached skill level 13 in Axes
 10713 | Lab      | Got a scorched pewter ring
 10720 | Lab      | Identified the ring of Propriety {rPois rF+ rN+} (You took it off a minotaur in a labyrinth)
 10736 | D:11     | Identified a +5 rod of shadows (4/12) (You took it off a minotaur in a labyrinth)
 11087 | D:11     | Noticed an unseen horror
 11102 | D:11     | Killed an unseen horror
 11102 | D:11     | Reached skill level 1 in Armour
 11153 | D:11     | Noticed a queen ant
 11166 | D:11     | Reached skill level 1 in Evocations
 11194 | D:11     | Killed a queen ant
 11277 | D:11     | Noticed a hill giant
 11459 | D:11     | Killed a hill giant
 11460 | D:11     | Received a gift from Okawaru
 11929 | D:11     | Noticed a fire dragon
 11967 | D:11     | Killed a fire dragon
 11967 | D:11     | Received a gift from Okawaru
 12448 | D:12     | Reached XP level 12. HP: 81/94 MP: 16/16
 12481 | D:12     | Noticed a five-headed hydra
 12520 | D:11     | Noticed a seven-headed hydra
 12573 | D:11     | Killed an eight-headed hydra
 12976 | D:12     | Killed a five-headed hydra
 13302 | D:12     | Found Lygi Roost's Gadget Shoppe.
 13317 | D:12     | Found Jyihucro's Food Shop.
 13393 | D:12     | Found Alose's Food Emporium.
 13415 | D:12     | Received a gift from Okawaru
 13451 | D:12     | Noticed MordorOrchid's ghost (journeyman SpVM)
 13487 | D:12     | Killed MordorOrchid's ghost
 13496 | D:12     | Reached skill level 14 in Axes
 14178 | D:12     | Found Gieppof's Antique Armour Emporium.
 14192 | D:12     | Bought an embroidered cloak for 189 gold pieces
 14584 | D:12     | Gained mutation: Your natural rate of healing is unusually fast. [potion of beneficial mutation]
 14598 | D:12     | Found Qaymesk's Magic Scroll Shop.
 14607 | D:12     | Bought a scroll of recharging for 171 gold pieces
 14607 | D:12     | Bought a scroll of enchant armour for 135 gold pieces
 14607 | D:12     | Bought a scroll of teleportation for 54 gold pieces
 14607 | D:12     | Bought a scroll of fear for 63 gold pieces
 14607 | D:12     | Bought a scroll of magic mapping for 63 gold pieces
 14841 | Lair:1   | Entered Level 1 of the Lair of Beasts
 14992 | Lair:1   | Reached skill level 5 in Evocations
 15012 | Lair:1   | Got a pair of polished gloves
 15018 | Lair:1   | Identified the +5 pair of gloves of Alytuer {Str-5 Dex+3 Stlth+} (You found it on level 1 of the Lair of Beasts)
 15149 | Lair:1   | Noticed SlimeFever's ghost (journeyman DsAK)
 15158 | Lair:1   | Killed SlimeFever's ghost
 15559 | Lair:1   | Noticed Joseph
 15573 | Lair:1   | Killed Joseph
 15573 | Lair:1   | Gained mutation: You are mostly covered in sharp spines. [demonic ancestry]
 15573 | Lair:1   | Reached XP level 13. HP: 101/101 MP: 17/17
 15663 | Lair:2   | Reached skill level 5 in Throwing
 15719 | Lair:2   | Noticed aimeelou's ghost (journeyman DsAr)
 15729 | Lair:2   | Killed aimeelou's ghost
 15729 | Lair:2   | Received a gift from Okawaru
 16338 | Lair:2   | Identified the Disquisition on Sinister Rites
 16339 | Lair:2   | Noticed Nergalle
 16347 | Lair:2   | Killed Nergalle
 16949 | Lair:3   | Found a hole to the Spider Nest.
 17151 | Lair:3   | Received a gift from Okawaru
 18062 | Lair:4   | Reached skill level 10 in Fighting
 18600 | Lair:5   | Noticed Kirke
 18607 | Lair:5   | Reached skill level 5 in Armour
 18612 | Lair:5   | Killed Kirke
 18851 | Lair:5   | Reached skill level 15 in Axes
 19478 | Lair:5   | Gained mutation: You have a pair of large horns on your head. [demonic ancestry]
 19478 | Lair:5   | Reached XP level 14. HP: 110/110 MP: 19/19
 19659 | Lair:6   | Noticed Rupert
 19669 | Lair:6   | Paralysed by Rupert for 3 turns
 19902 | Lair:6   | Gained mutation: You have large cloven feet. [potion of beneficial mutation]
 20002 | Lair:6   | Killed Rupert
 20002 | Lair:6   | Reached skill level 16 in Axes
 20187 | Lair:6   | Found a staircase to the Shoals.
 20409 | Lair:6   | Received a gift from Okawaru
 20412 | Lair:6   | Gained mutation: You are completely covered in iridescent scales (AC +8). [demonic ancestry]
 20412 | Lair:6   | Reached XP level 15. HP: 117/117 MP: 20/20
 21043 | Lair:7   | Found a staircase to the Slime Pits.
 21565 | Lair:7   | Received a gift from Okawaru
 21910 | Lair:8   | Entered Level 8 of the Lair of Beasts
 22901 | Orc:1    | Entered Level 1 of the Orcish Mines
 23043 | Orc:2    | Entered Level 2 of the Orcish Mines
 23416 | Orc:2    | Found Nititaro's Antique Weapon Shoppe.
 23430 | Orc:2    | Bought a transparent battleaxe for 310 gold pieces
 23432 | Orc:2    | Identified the cursed +1 battleaxe of Vidaegidgh {chop, Fragile rElec Str+2} (You bought it in a shop on level 2 of the Orcish Mines)
 23486 | Orc:2    | Found Gonkuqu's Book Emporium.
 23536 | Orc:2    | Found Nyaciurr's General Store.
 23536 | Orc:2    | Noticed an orc warlord
 23561 | Orc:2    | Killed an orc warlord
 23858 | Orc:2    | Received a gift from Okawaru
 24250 | Orc:2    | Found Datal's Antique Armour Boutique.
 24287 | Orc:2    | Found a staircase to the Elven Halls.
 24504 | Orc:2    | Bought a glowing cloak for 162 gold pieces
 24684 | D:13     | Noticed Maud
 24896 | D:13     | Killed Maud
 25040 | D:13     | Noticed Maurice
 25047 | D:13     | Killed Maurice
 25242 | D:13     | Noticed Erolcha
 25249 | D:13     | Killed Erolcha
 25706 | D:14     | Found Saruot's Distillery.
 25712 | D:14     | Bought a potion of magic for 112 gold pieces
 25712 | D:14     | Bought 2 potions of lignification for 84 gold pieces
 25805 | D:14     | Found a shattered altar of Ashenzari.
 25924 | D:14     | Found a gate to the Vaults.
 25946 | D:14     | Received a gift from Okawaru
 25982 | D:14     | Gained mutation: You are completely attuned to the shadows. [demonic ancestry]
 25982 | D:14     | Reached XP level 16. HP: 100/130 MP: 21/21
 26000 | D:14     | Got an encrusted crystal plate armour {god gift}
 26011 | D:14     | Identified the +1 crystal plate armour "Hamuux" {rF- rC++ Str+4} (Okawaru gifted it to you on level 14 of the Dungeon)
 26936 | D:15     | Entered Level 15 of the Dungeon
 27186 | D:15     | Reached skill level 17 in Axes
 27465 | D:15     | Found a staircase to the Depths.
 27914 | D:15     | Received a gift from Okawaru
 28893 | Spider:1 | Entered Level 1 of the Spider Nest
 29197 | Spider:1 | Reached skill level 10 in Dodging
 29273 | Spider:1 | Got an ancient blowgun
 29274 | Spider:1 | Identified the +7 blowgun of Departure {speed, rElec rPois} (You found it on level 1 of the Spider Nest)
 30698 | Spider:1 | Got a dazzling rapier
 30699 | Spider:1 | Identified the +12 rapier "Killer Bee's Foe" {pierce, Str+2 SInv} (You found it on level 1 of the Spider Nest)
 30855 | Spider:1 | Received a gift from Okawaru
 30855 | Spider:1 | Reached skill level 1 in Short Blades
 30912 | Spider:1 | Reached skill level 1 in Stealth
 30953 | Spider:1 | Got a polished ring mail {god gift}
 30964 | Spider:1 | Identified the +4 ring mail of Hopscotch {-Tele rPois rC+++ Int-4} (Okawaru gifted it to you on level 1 of the Spider Nest)
 31540 | Orc:2    | Bought a bloodstained plate armour for 1008 gold pieces
 31550 | Orc:2    | Identified the +0 plate armour of Ylafi {Int+5} (You bought it in a shop on level 2 of the Orcish Mines)
 32530 | Spider:2 | Reached skill level 5 in Short Blades
 32544 | Spider:2 | Gained mutation: Your flesh is heat resistant. [demonic ancestry]
 32544 | Spider:2 | Reached XP level 17. HP: 57/136 MP: 22/22
 33061 | Spider:2 | Noticed Arachne
 33079 | Spider:2 | Killed Arachne
 33079 | Spider:2 | Reached skill level 5 in Stealth
 33092 | Spider:2 | Received a gift from Okawaru
 33568 | Spider:2 | Received a gift from Okawaru
 34116 | Spider:3 | Received a gift from Okawaru
 35631 | Spider:4 | Entered Level 4 of the Spider Nest
 35657 | Spider:4 | Noticed Agnes
 35665 | Spider:4 | Killed Agnes
 35868 | Spider:4 | Reached skill level 10 in Armour
 36402 | Spider:4 | HP: 7/140 [spark wasp (19)]
 36403 | Spider:4 | HP: 2/140 [spark wasp (3)]
 36917 | Spider:4 | Received a gift from Okawaru
 37217 | Spider:4 | Gained mutation: You are completely covered in sharp spines. [demonic ancestry]
 37217 | Spider:4 | Reached XP level 18. HP: 140/148 MP: 23/23
 37221 | Spider:4 | Reached skill level 15 in Fighting
 37565 | Spider:4 | Received a gift from Okawaru
 37567 | Spider:4 | Reached ****** piety under Okawaru
 37597 | Spider:4 | Got a gossamer rune of Zot
 38232 | Vaults:1 | Entered Level 1 of the Vaults
 38304 | Vaults:1 | Received a gift from Okawaru
 38747 | Vaults:1 | Received a gift from Okawaru
 38934 | D:14     | Received a gift from Okawaru
 40212 | Vaults:1 | Reached skill level 10 in Stealth
 41105 | Vaults:2 | Reached skill level 1 in Shields
 41427 | Vaults:2 | Received a gift from Okawaru
 41430 | Vaults:2 | Gained mutation: You are immune to clouds of flame. [demonic ancestry]
 41430 | Vaults:2 | Reached XP level 19. HP: 153/157 MP: 24/24
 41674 | Vaults:2 | Found Iremoc's Antique Armour Emporium.
 41679 | Vaults:2 | Bought a pair of glowing gloves for 189 gold pieces
 42385 | Vaults:2 | Found a staircase to the Crypt.
 43812 | Vaults:3 | Got a translucent cloak
 43818 | Vaults:3 | Identified the +0 cloak of Sunlight {rF- Int+6} (You found it on level 3 of the Vaults)
 44220 | Vaults:3 | Noticed Wiglaf
 44223 | Vaults:3 | Killed Wiglaf
 44252 | Vaults:3 | Noticed Margery
 44266 | Vaults:3 | Killed Margery
 44272 | Vaults:3 | Received a gift from Okawaru
 44777 | Vaults:3 | Received a gift from Okawaru
 45176 | Vaults:3 | Received a gift from Okawaru
 45576 | Lair:1   | Upgraded the game from 0.18-a0-1497-g788d838 to 0.18-a0-1507-g69458e0
 45961 | Vaults:3 | Got a shimmering trident
 45962 | Vaults:3 | Identified the +5 trident of Kiampa {pierce, *Confuse Str+7} (You found it on level 3 of the Vaults)
 46263 | Vaults:4 | Paralysed by a sphinx for 3 turns
 46503 | Vaults:4 | Reached XP level 20. HP: 82/164 MP: 21/25
 46591 | Vaults:4 | Reached skill level 15 in Dodging
 48009 | Vaults:4 | Received a gift from Okawaru
 48321 | Lair:1   | Identified a scroll of acquirement
 49095 | Shoals:1 | Entered Level 1 of the Shoals
 49095 | Shoals:1 | Noticed Roxanne
 49161 | Shoals:1 | Killed Roxanne
 49172 | Shoals:1 | Identified Roxanne's Disquisition on Moulding and Contamination (You took it off Roxanne on level 1 of the Shoals)
 49325 | Shoals:1 | Noticed Aizul
 49366 | Shoals:1 | Killed Aizul
 51671 | Shoals:4 | Entered Level 4 of the Shoals
 51998 | Shoals:4 | Identified a +0 pair of boots of running (You found it on level 4 of the Shoals)
 52840 | Shoals:4 | Received a gift from Okawaru
 53113 | Shoals:4 | Noticed Ilsuiw
 53123 | Shoals:4 | Received a gift from Okawaru
 53156 | Shoals:4 | Reached XP level 21. HP: 90/171 MP: 26/26
 53389 | Shoals:4 | Killed Ilsuiw
 53743 | Shoals:4 | Reached XP level 22. HP: 178/178 MP: 27/27
 54236 | Shoals:4 | Got a barnacled rune of Zot
 54799 | Depths:1 | Entered Level 1 of the Depths
 54972 | Depths:1 | Found a gateway to Hell.
 54980 | Depths:1 | Received a gift from Okawaru
 54988 | Depths:1 | Got a jewelled shield {god gift}
 55045 | Depths:1 | Identified the +4 shield of Fortification {rC+ MR- rCorr} (Okawaru gifted it to you on level 1 of the Depths)
 56827 | Depths:1 | Got a crude dagger
 56828 | Depths:1 | Identified the +0 dagger "Ynigach" {pierce, rF- rN++ Str+5} (You found it on level 1 of the Depths)
 57261 | Depths:2 | Found a gateway to a ziggurat.
 57294 | Depths:2 | Reached skill level 15 in Stealth
 57310 | Depths:2 | Reached skill level 18 in Axes
 57685 | Depths:2 | Reached skill level 15 in Armour
 58067 | Depths:2 | Got a distressingly furry large shield
 58078 | Depths:2 | Identified the +2 large shield "Daniph" {rC- Str+6 SInv} (You found it on level 2 of the Depths)
 58142 | Depths:2 | Noticed Asterion
 58154 | Depths:2 | Killed Asterion
 58154 | Depths:2 | Received a gift from Okawaru
 58685 | Depths:2 | Noticed a caustic shrike
 58689 | Depths:2 | Noticed a caustic shrike
 58690 | Depths:2 | Noticed a caustic shrike
 58691 | Depths:2 | Noticed a caustic shrike
 58697 | Depths:2 | Noticed a golden dragon
 58698 | Depths:2 | Killed a caustic shrike
 58708 | Depths:2 | Noticed a golden dragon
 58710 | Depths:2 | Reached XP level 23. HP: 67/184 MP: 25/28
 58719 | Depths:2 | Killed a caustic shrike
 58719 | Depths:2 | Received a gift from Okawaru
 59065 | Depths:2 | Killed a caustic shrike
 59089 | Depths:2 | Killed a caustic shrike
 59351 | Depths:2 | Got a pair of crude boots
 59501 | Depths:2 | Identified the +0 pair of boots "Iniun" {rElec rPois rCorr Dex-5} (You found it on level 2 of the Depths)
 59594 | Depths:2 | Noticed an iron giant
 59644 | Depths:2 | Received a gift from Okawaru
 59929 | Lair:1   | Gained mutation: Your mind is acute. (Int +2) [potion of beneficial mutation]
 60810 | Depths:2 | Received a gift from Okawaru
 61137 | Depths:2 | Killed from afar by an iron giant

Vault maps used:
D:1:      matt_arrival_los_fun
D:2:      nemelex_deck, grunt_dithmenos_smoke
D:3:      overflow_temple_1_default, first_bread, uniq_robin
D:4:      okawaru_metal_pillars_1_2
D:5:      uniq_menkaure
D:6:      portal_sewer_entry_d, nrook_mini_vaults
D:7:      nicolae_overflow_hidden_temple, minmay_lizard_king
D:8:      serial_shops, nicolae_shop_stone, the_bakery
D:9:      kennysheep_orc_monster_closet_entryway, johnstein_pakellas_shop
D:10:     david_lair_generic
D:11:     dragon1_lemuel, lab_entry_generic, zaba_antful_of_joy
D:12:     serial_shops, shop, nicolae_shop_waterfront, kennysheep_mini, shop,
          shop, statue_in_the_mist_lemuel, minmay_sticks_and_stones
D:13:     uniq_maud, uniq_erolcha, uniq_maurice
D:14:     lightli_vaults_fourway_checkpoint, serial_shops, shop,
          ashenzari_altar_1
D:15:     gammafunk_depths_entry_grave
Temple:   nicolae_temple_the_god_donut
Lair:1:   nicolae_quartered_pool_super, uniq_joseph
Lair:2:   grunt_megastairs_5, uniq_nergalle
Lair:3:   nicolae_spider_entry_tight_spaces, st_stairs_8,
          eino_small_chamber_without_monster
Lair:5:   grunt_megastairs_4, uniq_kirke
Lair:6:   minmay_shoals_entry_beasts, lemuel_fruit_fields, lemuel_fruit_tree,
          uniq_rupert
Lair:7:   minmay_slime_entry_oklob_open, fungi_pond_lemuel
Lair:8:   grunt_lair_end_beastmaster, grunt_forest_small_clearing_treed,
          grunt_megastairs_3
Shoals:1: nicolae_shoals_cliffside_cave, dpeg_stationary_puzzle, uniq_aizul
Shoals:4: shoals_end_grunt_garden, shoal_ilsuiw, hangedman_shoals_cup_caves
Spider:2: uniq_arachne
Spider:3: nicolae_spider_corner
Spider:4: floodkiller_spider_rune_tomb, uniq_agnes
Orc:2:    grunt_orc_gardens, grunt_orc_garden, grunt_orc_garden,
          grunt_orc_garden, grunt_orc_garden
Vaults:1: nicolae_vaults_theta, v_misc_31, vaults_mumra_bighexcomb,
          hangedman_vaults_trim, v_misc_2, grunt_vaults_funnel,
          ontoclasm_vaults_gateway, v_pattern_3, vaults_room_grid,
          nicolae_vaults_little_squares_4, v_alt_pattern_1,
          vaults_mumra_minichess_inversion, nicolae_vaults_little_squares_1,
          hangedman_vaults_impose
Vaults:2: v_misc_3, nicolae_vaults_twisting_passages, dpeg_vaults_monster_box,
          minmay_crypt_entry_vampire_xt, hangedman_vaults_cutoff, v_misc_24,
          nicolae_vaults_little_squares_6, vaults_room_corners, v_misc_12,
          nicolae_vaults_little_squares_4, serial_shops, shop
Vaults:3: vaults_room_corners, v_misc_3, nicolae_vaults_display_case,
          vaults_dpeg_cross, v_rooms_3, ontoclasm_vaults_ring_square,
          nicolae_vaults_mini_display_case, nicolae_vaults_little_ls,
          nicolae_vaults_ninety_degrees, uniq_margery, uniq_wiglaf
Vaults:4: ontoclasm_vaults_shout, v_misc_11, v_misc_12,
          hangedman_vaults_stagger, vaults_room_door_ring,
          ontoclasm_vaults_ligature, ontoclasm_vaults_ring_small, v_pattern_5,
          v_misc_29, hangedman_vaults_impose, v_misc_4
Depths:1: pf_hell_entry_tar_river, grunt_ministairs_6, grunt_decor_one_mirror,
          laboratory
Depths:2: grunt_runaround, hell_entry, uniq_asterion
Depths:3: minmay_two_paths, abyss_entry, serial_sigils_hangedman_quiver,
          grunt_hell_horde, pan_entry, lemuel_nasty_fountain
Lab:      labyrinth_spiral, labyrinth_lava_lair, nicolae_lab_quarters,
          nicolae_lab_hexagon, nicolae_lab_lava, nicolae_lab_t_cross,
          nicolae_lab_starburst

Skill      XL: |  1  2  3  4  5  6  7  8  9 10 11 12 13 14 15 16 17 18 19 20 21 22 23 |
---------------+----------------------------------------------------------------------+-----
Axes           | 3 4 5 6 7 9 10 11 12 13 14 15 16 17 18 | 18.0
Fighting       | 4 6 7 8 9 10 13 14 16 | 16.0
Dodging        | 3 5 7 8 10 11 12 14 15 | 15.4
Invocations    | 6 |  6.3
Armour         | 2 4 5 9 10 12 16 | 16.9
Evocations     | 2 5 6 7 |  7.2
Throwing       | 2 4 6 7 8 |  8.2
Short Blades   | 5 7 9 |  9.0
Stealth        | 4 7 10 12 13 14 15 16 | 16.1
Shields        | 2 4 |  4.5

Action                   |  1- 3 |  4- 6 |  7- 9 | 10-12 | 13-15 | 16-18 | 19-21 | 22-24 || total
-------------------------+-------+-------+-------+-------+-------+-------+-------+-------++-------
Melee: War axe           |   126 |    94 |   249 |   625 |   681 |  1430 |  1183 |   561 ||  4949
       Flail             |       |       |       |    15 |    11 |       |       |       ||    26
       Whip              |       |       |       |       |    26 |     4 |       |       ||    30
       Rapier            |       |       |       |       |       |    11 |    46 |    35 ||    92
       Broad axe         |       |       |       |       |       |       |       |   177 ||   177
 Fire: Blowgun           |       |       |       |       |       |    13 |       |       ||    13
Throw: Throwing net      |       |     2 |     2 |       |       |       |       |       ||     4
       Tomahawk          |       |       |     5 |       |     6 |       |       |       ||    11
       Javelin           |       |       |       |       |    16 |    20 |    11 |    24 ||    71
Invok: Heroism           |       |       |     4 |    19 |    19 |    15 |    12 |     5 ||    74
       Finesse           |       |       |       |     5 |     6 |     2 |     5 |     2 ||    20
Evoke: Wand              |       |       |     1 |     5 |     8 |    11 |       |       ||    25
       Rod               |       |       |       |     5 |    16 |     6 |       |       ||    27
       Box of beasts     |       |       |       |       |       |     2 |       |       ||     2
  Use: Scroll            |       |       |     7 |    12 |    12 |     4 |    16 |     4 ||    55
       Potion            |       |       |       |     1 |     4 |     4 |     1 |     1 ||    11
 Stab: Sleeping          |     3 |     7 |    23 |    14 |    44 |    73 |    36 |    39 ||   239
       Held in net/web   |       |     1 |       |       |       |       |       |       ||     1
       Distracted        |       |       |     1 |     8 |     5 |    13 |     7 |    12 ||    46
  Eat: Chunk             |     2 |     7 |    11 |    25 |    34 |    28 |    31 |    12 ||   150
       Beef jerky        |       |       |     1 |     1 |       |     3 |     2 |     3 ||    10
       Pizza             |       |       |       |     1 |     1 |     3 |     1 |     1 ||     7
       Fruit             |       |       |       |     1 |     2 |    19 |     2 |     4 ||    28
       Royal jelly       |       |       |       |       |     2 |       |     1 |       ||     3
       Meat ration       |       |       |       |       |       |     1 |       |       ||     1
